 Dungeon Crawl Stone Soup version 0.31.0-11-ge490571c62 (webtiles) character file.

Game seed: 4591983936906684125

658 DeltaZero the Chopper (level 7, 0/91 HPs)
             Began as a Minotaur Berserker on Feb 8, 2024.
             Was a Priest of Trog.
             Slain by a gnoll sergeant
             ... wielding a +3 spear of venom
              (2 damage)
             ... on level 5 of the Dungeon.
             The game lasted 00:12:49 (4163 turns).

DeltaZero the Chopper (Minotaur Berserker)          Turns: 4163, Time: 00:12:52

Health: 0/91       AC: 23    Str: 22 (24) XL:     7   Next: 29%
Magic:  15/15      EV:  2    Int:  3 (4)  God:    Trog [***...]
Gold:   282        SH:  0    Dex:  8 (9)  Spells: 6/6 levels left

rFire   . . .        q - +0 war axe
rCold   . . .        (no shield)
rNeg    . . .        d - melded +0 chain mail
rPois   +            (helmet currently unavailable)
rElec   .            (cloak currently unavailable)
rCorr   .            h - melded +0 pair of gloves
SInv    .            u - melded +0 pair of boots
Will    .....        (no amulet)
Stlth   +            g - ring of magical power
HPRegen 0.35/turn    (no ring)
MPRegen 0.14/turn

%: no passive effects
@: brilliant, lethally poisoned (0 -> -9), tree-form
A: stationary, stasis, torment immunity, boosted hp, (horns 2), (retaliatory
headbutt)
a: Renounce Religion, Berserk, Trog's Hand


You were on level 5 of the Dungeon.
You worshipped Trog.
Trog was most pleased with you.
You were a tree.
You visited 1 branch of the dungeon, and saw 5 of its levels.

You collected 282 gold pieces.

Inventory:

Hand Weapons
 a - a +0 hand axe
 q - a +0 war axe (weapon)
 r - a +0 hammer
Armour
 b - a +0 animal skin
 d - a +0 chain mail (melded)
 h - a +0 pair of gloves (melded)
 t - a +0 leather armour
 u - a +0 pair of boots (melded)
 w - the +2 robe of Ynorgh {Rampage *Corrode Int+3}
   (You found it on level 5 of the Dungeon)

   Int+3:     It affects your intelligence (+3).
   *Corrode:  It may corrode you when you take damage.
   Rampage:   It bestows one free step when moving towards enemies.
Jewellery
 g - a ring of magical power (left branch)
 l - a +5 ring of evasion
Wands
 p - a wand of roots (7)
Scrolls
 c - a scroll of brand weapon {unknown}
 e - a scroll of fear {unknown}
 f - 2 scrolls of noise
 j - a scroll of immolation {unknown}
 m - a scroll of enchant weapon {unknown}
 s - 2 scrolls of silence
 x - a scroll of revelation {unknown}
 y - 2 scrolls of teleportation {unknown}
Potions
 n - a potion of enlightenment


   Skills:
 + Level 5.3 Fighting
 + Level 6.8 Axes
 + Level 3.3 Throwing
 + Level 3.5 Armour
 + Level 3.7 Dodging
 + Level 1.2 Stealth


You had 6 spell levels left.
You didn't know any spells.
Your spell library contained the following spells:

 Spells                   Type           Power      Damage    Failure   Level
 Cigotuvi's Dreadful Rot  Necr/Alch/Air  0%         N/A       67%         2
 Jinxbite                 Hex            0%         N/A       67%         2
 Frozen Ramparts          Ice            0%         1d1       88%         3
 Stone Arrow              Conj/Erth      0%         3d7       88%         3
 Animate Armour           Summ/Erth      0%         N/A       99%         4
 Ignite Poison            Fire/Alch      0%         N/A       99%         4
 Leda's Liquefaction      Alch/Erth      0%         N/A       99%         4
 Petrify                  Alch/Erth      0%         N/A       99%         4
 Freezing Cloud           Conj/Ice/Air   0%         6-21      100%        5
 Metabolic Englaciation   Hex/Ice        0%         N/A       100%        5
 Yara's Violent Unravell  Hex/Alch       0%         3d3       100%        5
 Enfeeble                 Hex            0%         N/A       100%        7
 Lehudib's Crystal Spear  Conj/Erth      0%         10d2      100%        8


Dungeon Overview and Level Annotations

Branches:
Dungeon (5/15)
 Temple: D:4-7

Altars:
Dithmenos
The Shining One


Innate Abilities, Weirdness & Mutations

You are a tree.
Your roots penetrate the ground, keeping you stationary.
You cannot be teleported.
You are immune to unholy pain and torment.
Your maximum health is greatly increased.
Your equipment is partially melded.
((You have a pair of horns on your head.))
((You reflexively headbutt those who attack you in melee.))


Message History

You feel extremely sick.
The gnoll shouts!
A gnoll comes into view. It is wielding a +0 flail.
The gnoll sergeant hits you with a +3 spear of venom.
You are too injured to fight recklessly!
You are too injured to fight recklessly!
You are too injured to fight recklessly!
You are too injured to fight recklessly!
You are too injured to fight recklessly!
You are too injured to fight recklessly!
Okay, then.
It was a potion of degeneration.
There was something very wrong with that liquid.
You feel weakened.
You feel dopey.
You feel clumsy.
You feel very sick. The gnoll sergeant closely misses you.
It was a potion of brilliance.
You feel clever all of a sudden.
You feel very sick.
The gnoll sergeant hits you with a +3 spear of venom.
* * * LOW HITPOINT WARNING * * *
You are lethally poisoned!
It was a potion of lignification.
You turn into a tree.
Your +0 pair of gloves melds into your body.
Your +0 pair of boots melds into your body.
Your +0 chain mail melds into your body.
Your roots penetrate the ground.
* * * LOW HITPOINT WARNING * * *
You feel very sick.
The gnoll sergeant hits you but does no damage.
You closely miss the gnoll sergeant.
* * * LOW HITPOINT WARNING * * *
You feel very sick.
The gnoll sergeant hits you but does no damage.
You hit the gnoll sergeant but do no damage.
* * * LOW HITPOINT WARNING * * *
You feel very sick.
The gnoll sergeant hits you with a +3 spear of venom.
* * * LOW HITPOINT WARNING * * *
The gnoll sergeant hits you with a +3 spear of venom.
You die... #. #..... #.###.### ### #.# #.# # .gg

#.# #.# # #g# #.#
#.# # #g#
#.###.### #c#
#.##.#.## #g#
#...###.#
#♣########.##.#.##
#............#.###
######†###.#[#####
#.# #.#(..<.. #.#
#.####### #.# #.#
#.# #.# #.# #.#
#.###.#


You could see a gnoll sergeant, a centaur and 4 gnolls.

Vanquished Creatures
  A black bear (D:5)
  A phantom (D:5)
  A bombardier beetle (D:5)
  Crazy Yiuf (D:2)
  A hound (D:5)
  A gnoll bouda (D:4)
  An iguana (D:5)
  3 orc wizards
  8 gnolls
  3 adders
  6 ufetubi (D:5)
  2 dart slugs
  A ribbon worm (D:3)
  15 orcs
  6 ball pythons
  9 bats
  6 endoplasms
  4 giant cockroaches
  8 goblins
  5 hobgoblins
  4 jackals (D:1)
  8 kobolds
  3 quokkas
  2 frilled lizards (D:1)
  A rat (D:3)
101 creatures vanquished.

Vanquished Creatures (others)
  An orc priest (D:4)
1 creature vanquished.

Grand Total: 102 creatures vanquished

Notes
Turn   | Place    | Note
-------+----------+-------------------------------------------
     0 | D:1      | DeltaZero the Minotaur Berserker began the quest for the
                  | Orb.
     0 | D:1      | Reached XP level 1. HP: 19/19 MP: 0/0
    21 | D:1      | Reached skill level 4 in Axes
    21 | D:1      | Reached XP level 2. HP: 16/27 MP: 1/1
   274 | D:1      | Reached XP level 3. HP: 31/33 MP: 2/2
   341 | D:1      | Reached ** piety under Trog
  1010 | D:2      | Reached XP level 4. HP: 41/41 MP: 3/3
  1173 | D:2      | Found a runed translucent door.
  1186 | D:2      | Noticed Crazy Yiuf
  1743 | D:2      | Killed Crazy Yiuf
  1744 | D:2      | Reached skill level 1 in Throwing
  1872 | D:3      | Reached skill level 5 in Axes
  1889 | D:3      | Reached XP level 5. HP: 47/47 MP: 4/4
  2571 | D:3      | Reached *** piety under Trog
  2712 | D:4      | Reached skill level 1 in Stealth
  2718 | D:4      | Reached XP level 6. HP: 16/55 MP: 5/5
  3410 | D:5      | Entered Level 5 of the Dungeon
  3487 | D:5      | Found a glowing golden altar of the Shining One.
  3487 | D:5      | Found a shadowy altar of Dithmenos.
  3513 | D:5      | Reached skill level 5 in Fighting
  3513 | D:5      | Reached skill level 6 in Axes
  3527 | D:5      | Identified the +2 robe of Ynorgh {Rampage *Corrode Int+3}
  3608 | D:5      | Reached XP level 7. HP: 34/61 MP: 6/6
  4163 | D:5      | HP: 2/91 [gnoll sergeant/+3 spear of venom (6)]
  4163 | D:5      | Slain by a gnoll sergeant

Illustrated notes

Levels and vault maps discovered:
D:1:      wander_arrival_fairy_ring, layout_basic, minmay_tripent
D:2:      layout_basic, uniq_crazy_yiuf_cottage
D:3:      layout_loops_ring
D:4:      layout_rooms
D:5:      layout_loops_ring, nicolae_overflow_two_pavilions

Skill      XL: |  1  2  3  4  5  6 |
---------------+-------------------+-----
Axes           | 4 5 6 |  6.8
Fighting       | 4 5 |  5.3
Throwing       | 1 2 3 |  3.3
Dodging        | 3 |  3.7
Stealth        | 1 |  1.2
Armour         | 3 |  3.5

Action                     |  1- 3 |  4- 6 |  7- 9 || total
---------------------------+-------+-------+-------++-------
  Melee: Hand axe          |    82 |       |       ||    82
         Headbutt          |    18 |    13 |     2 ||    33
         War axe           |       |    79 |    25 ||   104
  Throw: Javelin           |    10 |    49 |     9 ||    68
 Invoke: Berserk           |       |     1 |       ||     1
    Use: Scroll            |       |     3 |       ||     3
         Potion            |       |       |     3 ||     3
 Armour: Animal skin       |    37 |     5 |       ||    42
         Leather armour    |       |    46 |       ||    46
         Chain mail        |       |    70 |    48 ||   118
         Skin              |       |       |     4 ||     4
  Dodge: Dodged            |    59 |    72 |    18 ||   149
